 Dungeon Crawl Stone Soup version 0.30.1-4-g462c640d31 (webtiles) character file.

Game seed: 14184213106275827688

2308 Bobit the Carver (level 9, 0/71 HPs)
             Began as a Gnoll Reaver on Aug 13, 2023.
             Was a Believer of Vehumet.
             Shot with a sling bullet by Joseph (18 damage)
             ... on level 7 of the Dungeon.
             The game lasted 00:25:28 (5781 turns).

Bobit the Carver (Gnoll Reaver)                     Turns: 5781, Time: 00:25:28

Health: 0/71       AC:  9    Str: 17    XL:     9   Next: 41%
Magic:  4/19       EV: 13    Int: 16    God:    Vehumet [**....]
Gold:   100        SH:  0    Dex: 18    Spells: 7/21 levels left

rFire   . . .        J - +3 scimitar (elec)
rCold   x . .        (no shield)
rNeg    . . .        D - +0 scale mail
rPois   .            n - +0 helmet of Vis Durgh {rElec Int+4}
rElec   +            w - scarf {repulsion}
rCorr   .            (no gloves)
SInv    .            L - +0 pair of boots
Will    .....        (no amulet)
Stlth   ++           z - ring of wizardry
HPRegen 0.31/turn    B - +6 ring of strength
MPRegen 0.16/turn

%: repel missiles, wizardry (x1)
@: mighty, slowed, studying Ranged Weapons, very slow
A: fangs 1, strong nose, distributed training, agile 1, cold vulnerability 1
a: Renounce Religion


You were on level 7 of the Dungeon.
You worshipped Vehumet.
Vehumet was pleased with you.
You visited 1 branch of the dungeon, and saw 7 of its levels.

You collected 268 gold pieces.
You spent 168 gold pieces at shops.

Inventory:

Hand Weapons
 a - a +0 falchion
 s - a +1 short sword of protection
 I - a +2 flail of protection
 J - a +3 scimitar of electrocution (weapon)
Missiles
 y - a throwing net
Armour
 b - a +0 leather armour
 n - the +0 helmet of Vis Durgh (worn) {rElec Int+4}
   (You found it on level 2 of the Dungeon)

   Int:       It affects your intelligence (+4).
   rElec:     It insulates you from electricity.
 w - a scarf of repulsion (worn)
 x - a +0 helmet
 D - a +0 scale mail (worn)
 E - a +0 chain mail
 L - a +0 pair of boots (worn)
Jewellery
 k - a ring of fire
 z - a ring of wizardry (left hand)
 B - a +6 ring of strength (right hand)
Wands
 l - a wand of paralysis (7)
 v - a wand of flame (27)
 H - a wand of digging (5)
 M - a wand of iceblast (24)
Scrolls
 d - 3 scrolls of teleportation
 e - 3 scrolls of fear
 j - 2 scrolls of enchant weapon
 p - 2 scrolls of blinking {unknown}
 q - a scroll of vulnerability {unknown}
 A - a scroll of poison {unknown}
 C - 2 scrolls of acquirement {unknown}
 F - a scroll of magic mapping {unknown}
 K - a scroll of amnesia {unknown}
 N - 2 scrolls of immolation {unknown}
Potions
 c - a potion of degeneration {unknown}
 f - 2 potions of heal wounds
 g - a potion of might
 h - a potion of curing {unknown}
 i - 6 potions of flight
 m - 3 potions of ambrosia
 o - a potion of brilliance {unknown}
 r - a potion of berserk rage {unknown}
 t - a potion of mutation
 u - 3 potions of attraction
 G - a potion of haste {unknown}
 O - a potion of resistance {unknown}


   Skills:
 + Level 6.4 Fighting
 + Level 4.4 Short Blades
 + Level 8.0 Long Blades
 + Level 4.4 Axes
 + Level 4.4 Maces & Flails
 + Level 4.4 Polearms
 + Level 4.4 Staves
 + Level 6.3 Ranged Weapons
 + Level 4.4 Throwing
 + Level 4.4 Armour
 + Level 6.4 Dodging
 + Level 4.4 Stealth
 + Level 4.4 Shields
 + Level 4.4 Unarmed Combat
 + Level 6.7 Spellcasting
 + Level 6.6 Conjurations
 + Level 3.6 Hexes
 + Level 3.6 Summonings
 + Level 3.6 Necromancy
 + Level 3.6 Translocations
 + Level 3.6 Transmutations
 + Level 3.6 Fire Magic
 + Level 3.6 Ice Magic
 + Level 3.6 Air Magic
 + Level 3.6 Earth Magic
 + Level 3.6 Poison Magic
 + Level 4.8 Invocations
 + Level 4.4 Evocations


You had 7 spell levels left.
You knew the following spells:

 Your Spells              Type           Power      Damage    Failure   Level
a - Kiss of Death         Conj/Necr      84%        2d11      1%          1
b - Momentum Strike       Conj/Tloc      42%        3d9       3%          2
c - Hailstorm             Conj/Ice       21%        3d6       6%          3
d - Searing Ray           Conj           52%        2d6       1%          2
e - Dazzling Flash        Conj/Hex       42%        N/A       6%          3
f - Mephitic Cloud        Conj/Pois/Air  20%        N/A       8%          3

Your spell library contained the following spells:

 Spells                   Type           Power      Damage    Failure   Level
 Magic Dart               Conj           100%       1d8       1%          1
 Summon Small Mammal      Summ           68%        N/A       4%          1
 Call Canine Familiar     Summ           17%        N/A       12%         3
 Inner Flame              Hex/Fire       17%        N/A       12%         3
 Summon Guardian Golem    Hex/Summ       17%        N/A       12%         3
 Vhi's Electric Charge    Tloc/Air       34%        N/A       12%         3
 Volatile Blastmotes      Fire/Tloc      34%        2d12      12%         3
 Flame Wave               Conj/Fire      21%        2d8       21%         4
 Fulminant Prism          Conj/Hex       10%        3d9       21%         4
 Iskenderun's Mystic Bla  Conj/Tloc      21%        2d6       21%         4
 Sticky Flame             Conj/Fire      21%        2d4       21%         4
 Arcjolt                  Conj/Air       10%        1d20      45%         5
 Starburst                Conj/Fire      10%        6d5       95%         6
 Plasma Beam              Fire/Air       8%         2x1d21    99%         6


Dungeon Overview and Level Annotations

Branches:
Dungeon (7/15)             Temple (0/1) D:5

Altars:
Dithmenos
Okawaru
Sif Muna
Trog
Vehumet
The Shining One

Shops:
D:5 *

Annotations:
D:7 Joseph, Prince Ribbit


Innate Abilities, Weirdness & Mutations

You have very sharp teeth.
Your uncanny sense of smell can sniff out nearby items.
Your experience applies equally to all skills.
You are agile. (Dex +4, Str/Int -1)
You are vulnerable to cold. (rC-)


Message History

The wraith hits you! The wraith drains your vigour!
You feel yourself slow down.
You feel sick. The wraith hits you.
A sky beast comes into view.
You hit the wraith.
The wraith is heavily damaged.
You feel sick. The wraith misses you.
You closely miss the wraith.
The wraith is moderately damaged.
You feel sick.
You are no longer poisoned.
The wraith closely misses you. The wraith hits you but does no damage.
Unknown command.
You feel very mighty all of a sudden. The wraith hits you!
The wraith drains your vigour!
You feel as though you will be slow longer.
You closely miss the wraith.
The wraith is moderately damaged.
The wraith barely misses you. The wraith closely misses you.
You slash the wraith!
The wraith is almost destroyed.
The wraith misses you.
You slash the wraith!
You destroy the wraith!
Vehumet accepts your kill.
Joseph unwields a +2 quarterstaff of holy wrath.
It stops glowing.
Joseph wields a +3 sling of flaming.
It bursts into flame!
Joseph shoots a sling bullet.
The sling bullet barely misses you.
Joseph shoots a sling bullet.
The sling bullet hits you. The sling bullet burns you.
Your Long Blades skill increases to level 8!
Joseph shoots a sling bullet.
The sling bullet closely misses you.
Joseph shoots a sling bullet.
The sling bullet completely misses you.
Joseph shoots a sling bullet.
The sling bullet closely misses you.
Joseph shoots a sling bullet.
The sling bullet hits you!
* * * LOW HITPOINT WARNING * * *
The sling bullet burns you.
* * * LOW HITPOINT WARNING * * *
Joseph shoots a sling bullet.
The sling bullet hits you!!
You die...

.. #. #.. #....#
#. S. ##.##.#
.'#.#' ##..# .#
..###...###...##.#
......8Y†c@......#
..###..)###...#..#
+#.#+ ##..##... #.
##.# #### #. #@# ∆
.. ∆#.# .. #.# ...
..# ... #... #...
####.


You could see Joseph.

Vanquished Creatures
  The ghost of spardeous the Destroyer, a novice DgCj (D:6)
  A wraith (D:7)
  A water moccasin (D:7)
  A sky beast (D:7)
  2 black bears
  2 ice beasts
  A phantom (D:5)
  2 bullfrogs (D:6)
  2 scorpions
  2 hounds
  2 orc priests (D:5)
  3 jellies
  8 iguanas
  3 sleepcaps
  5 gnolls
  6 adders
  A white imp (D:5)
  2 worms (D:2)
  4 dart slugs (D:3)
  14 orcs
  4 ball pythons
  4 bats
  6 endoplasms
  A giant cockroach (D:4)
  7 goblins
  3 hobgoblins
  11 jackals
  5 quokkas
  5 frilled lizards
  7 kobolds
  3 rats
119 creatures vanquished.

Notes
Turn   | Place    | Note
-------+----------+-------------------------------------------
     0 | D:1      | Bobit the Gnoll Reaver began the quest for the Orb.
     0 | D:1      | Reached XP level 1. HP: 20/20 MP: 6/6
   186 | D:1      | Reached XP level 2. HP: 20/26 MP: 7/7
   799 | D:2      | Identified the +0 helmet of Vis Durgh {rElec Int+4}
   811 | D:2      | Reached skill level 5 in Spellcasting
   811 | D:2      | Reached XP level 3. HP: 21/31 MP: 7/9
   893 | D:2      | Learned a level 2 spell: Momentum Strike
   899 | D:2      | Learned a level 3 spell: Hailstorm
  1348 | D:2      | Reached skill level 1 in Invocations
  1471 | D:3      | Reached skill level 1 in Ranged Weapons
  1515 | D:3      | Found a shimmering blue altar of Sif Muna.
  1646 | D:3      | Reached skill level 1 in Short Blades
  1646 | D:3      | Reached skill level 1 in Axes
  1646 | D:3      | Reached skill level 1 in Maces & Flails
  1646 | D:3      | Reached skill level 1 in Polearms
  1646 | D:3      | Reached skill level 1 in Staves
  1646 | D:3      | Reached skill level 1 in Throwing
  1646 | D:3      | Reached skill level 1 in Armour
  1646 | D:3      | Reached skill level 1 in Stealth
  1646 | D:3      | Reached skill level 1 in Shields
  1646 | D:3      | Reached skill level 1 in Unarmed Combat
  1646 | D:3      | Reached skill level 1 in Evocations
  1729 | D:3      | Found a radiant altar of Vehumet.
  1751 | D:3      | Became a worshipper of Vehumet
  1871 | D:3      | Reached XP level 4. HP: 31/38 MP: 11/11
  1926 | D:3      | Reached skill level 1 in Hexes
  1926 | D:3      | Reached skill level 1 in Summonings
  1926 | D:3      | Reached skill level 1 in Necromancy
  1926 | D:3      | Reached skill level 1 in Translocations
  1926 | D:3      | Reached skill level 1 in Transmutations
  1926 | D:3      | Reached skill level 1 in Fire Magic
  1926 | D:3      | Reached skill level 1 in Ice Magic
  1926 | D:3      | Reached skill level 1 in Air Magic
  1926 | D:3      | Reached skill level 1 in Earth Magic
  1926 | D:3      | Reached skill level 1 in Poison Magic
  2087 | D:4      | Reached * piety under Vehumet
  2087 | D:4      | Offered knowledge of Shock by Vehumet.
  2271 | D:4      | Reached XP level 5. HP: 30/43 MP: 12/12
  2531 | D:4      | Reached XP level 6. HP: 46/50 MP: 14/14
  2542 | D:4      | Reached skill level 5 in Fighting
  2542 | D:4      | Reached skill level 5 in Dodging
  3265 | D:5      | Entered Level 5 of the Dungeon
  3327 | D:5      | Reached ** piety under Vehumet
  3327 | D:5      | Offered knowledge of Scorch by Vehumet.
  3335 | D:5      | Learned a level 2 spell: Searing Ray
  3519 | D:5      | Reached XP level 7. HP: 37/56 MP: 11/15
  3524 | D:5      | Reached skill level 7 in Long Blades
  3849 | D:5      | Found Atuwepho's Assorted Antiques.
  3858 | D:5      | Bought a runed scimitar for 168 gold pieces
  3878 | D:5      | Found a staircase to the Ecumenical Temple.
  4483 | D:6      | Reached XP level 8. HP: 63/63 MP: 16/16
  4492 | D:6      | Found a bloodstained altar of Trog.
  4568 | D:6      | Found a runed translucent door.
  4573 | D:6      | Noticed spardeous's ghost (novice DgCj)
  4612 | D:6      | Gained mutation: You expend magic power (3 MP) to
                  | strengthen your wands. [potion of mutation]
  4612 | D:6      | Gained mutation: You have a pair of small horns on your
                  | head. [potion of mutation]
  4616 | D:6      | Lost mutation: You expend magic power (3 MP) to strengthen
                  | your wands. [potion of mutation]
  4616 | D:6      | Lost mutation: You have a pair of small horns on your head.
                  | [potion of mutation]
  4616 | D:6      | Gained mutation: You are vulnerable to cold. (rC-) [potion
                  | of mutation]
  4616 | D:6      | Gained mutation: You are agile. (Dex +4, Str/Int -1)
                  | [potion of mutation]
  4994 | D:6      | Learned a level 3 spell: Dazzling Flash
  5120 | D:6      | Found a shadowy altar of Dithmenos.
  5120 | D:6      | Found a glowing golden altar of the Shining One.
  5124 | D:6      | Reached skill level 5 in Ranged Weapons
  5130 | D:6      | Found an iron altar of Okawaru.
  5328 | D:6      | Killed spardeous's ghost
  5329 | D:6      | Reached XP level 9. HP: 25/69 MP: 15/18
  5644 | D:7      | Offered knowledge of Mephitic Cloud by Vehumet.
  5704 | D:7      | Learned a level 3 spell: Mephitic Cloud
  5751 | D:7      | Noticed Prince Ribbit
  5768 | D:7      | Noticed Joseph
  5778 | D:7      | Reached skill level 8 in Long Blades
  5781 | D:7      | Shot with a sling bullet by Joseph

Illustrated notes

Levels and vault maps discovered:
D:1:      eino_arrival_cavern_a, layout_loops_ring
D:2:      layout_loops_cross
D:3:      minmay_bubble_buster, layout_rooms, vehumet_altar_wand_db,
          nicolae_overflow_crystal_walls, minivault_25
D:4:      layout_rooms
D:5:      layout_gridville, minmay_temple_entry_stoned_glass, serial_shops,
          nicolae_shop_overgrown_old_shop
D:6:      layout_basic, lemuel_crystal_altar, minitemple,
          ebering_ghost_reflecting_pool
D:7:      cheibrodos_barr_body, layout_loops_ring, kennysheep_little_box,
          makhleb_heckhound_becter, gammafunk_ghost_wrathful_warriors,
          grunt_decor_one_mirror, uniq_joseph, uniq_menkaure,
          uniq_prince_ribbit1

Skill      XL: |  1  2  3  4  5  6  7  8  9 |
---------------+----------------------------+-----
Spellcasting   | 5 6 |  6.7
Invocations    | 1 2 3 4 |  4.8
Ranged Weapons | 1 2 3 4 5 6 |  6.3
Short Blades   | 1 2 3 4 |  4.4
Axes           | 1 2 3 4 |  4.4
Maces & Flails | 1 2 3 4 |  4.4
Polearms       | 1 2 3 4 |  4.4
Staves         | 1 2 3 4 |  4.4
Throwing       | 1 2 3 4 |  4.4
Armour         | 1 2 3 4 |  4.4
Stealth        | 1 2 3 4 |  4.4
Shields        | 1 2 3 4 |  4.4
Unarmed Combat | 1 2 3 4 |  4.4
Evocations     | 1 2 3 4 |  4.4
Hexes          | 1 2 3 |  3.6
Summonings     | 1 2 3 |  3.6
Necromancy     | 1 2 3 |  3.6
Translocations | 1 2 3 |  3.6
Transmutations | 1 2 3 |  3.6
Fire Magic     | 1 2 3 |  3.6
Ice Magic      | 1 2 3 |  3.6
Air Magic      | 1 2 3 |  3.6
Earth Magic    | 1 2 3 |  3.6
Poison Magic   | 1 2 3 |  3.6
Fighting       | 5 6 |  6.4
Dodging        | 5 6 |  6.4
Long Blades    | 7 8 |  8.0
Conjurations   | 6 |  6.6

Action                     |  1- 3 |  4- 6 |  7- 9 || total
---------------------------+-------+-------+-------++-------
  Melee: Falchion          |    64 |       |       ||    64
         Bite              |    10 |    40 |     9 ||    59
         Short sword       |    57 |   317 |    21 ||   395
         Punch             |     1 |     4 |     5 ||    10
         Scimitar          |       |       |    92 ||    92
         Flail             |       |       |     1 ||     1
   Cast: Hailstorm         |       |     6 |     4 ||    10
         Momentum Strike   |       |     3 |     5 ||     8
         Searing Ray       |       |     3 |     2 ||     5
         Mephitic Cloud    |       |       |     1 ||     1
    Use: Potion            |       |     2 |     3 ||     5
         Scroll            |       |       |     7 ||     7
   Stab: Sleeping          |       |     2 |       ||     2
 Armour: Leather armour    |    41 |   132 |       ||   173
         Scale mail        |       |    24 |    61 ||    85
  Dodge: Dodged            |    75 |   302 |    87 ||   464
         Repelled          |       |       |     1 ||     1
